 Dungeon Crawl Stone Soup version 0.30-a0-743-gbfdf073431 (webtiles) character file.

Game seed: 11887506144627693378

6470 kingofthe the Covert (level 11, -17/61 HPs)
             Began as an Octopode Conjurer on Feb 7, 2023.
             Was a Believer of Sif Muna.
             Demolished by Grum
             ... wielding a -2 halberd
              (28 damage)
             ... on level 11 of the Dungeon on Feb 8, 2023.
             The game lasted 00:55:49 (14524 turns).

kingofthe the Covert (Octopode Conjurer)           Turns: 14524, Time: 00:55:49

Health: -17/61     AC:  1    Str:  6    XL:     11   Next: 0%
Magic:  21/30      EV: 32    Int: 21    God:    Sif Muna [**....]
Gold:   566        SH:  0    Dex: 15    Spells: 1/23 levels left

rFire   + . .      SeeInvis .    a - +4 whip (elec)
rCold   . . .      Faith    .    (no shield)
rNeg    . . .      Spirit   .    (helmet restricted)
rPois   .          Reflect  .    h - amulet of the acrobat
rElec   .          Harm     .    f - ring of flight
rCorr   +          Rampage  .    k - ring of magical power
Will    .....                    x - ring of resist corrosion
Stlth   +++++                    F - ring of resist corrosion
HPRegen 0.30/turn                i - ring of protection from fire
MPRegen 0.22/turn                (no ring)
                                 (no ring)
                                 (no ring)

@: acrobatic, flying
A: almost no armour, amphibious, 8 rings, camouflage 1, gelatinous body 1,
(nimble swimmer 1), tentacles
a: Renounce Religion, Channel Magic


You were on level 11 of the Dungeon.
You worshipped Sif Muna.
Sif Muna was pleased with you.
You visited 3 branches of the dungeon, and saw 13 of its levels.

You collected 701 gold pieces.
You spent 135 gold pieces at shops.

Inventory:

Hand Weapons
 a - a +4 whip of electrocution (weapon)
 b - the +6 sling of the Establishment {heavy, rElec Str+3 Dex+3 Stlth-}
   (You found it on level 4 of the Dungeon)

   Str:       It affects your strength (+3).
   Dex:       It affects your dexterity (+3).
   rElec:     It insulates you from electricity.
   Stlth:     It makes you less stealthy.
 s - a +1 sling of electrocution
 t - a +7 spear
 y - a +2 dagger of pain
Missiles
 w - a throwing net
Jewellery
 d - a ring of fire
 f - a ring of flight (left tentacle)
 h - an amulet of the acrobat (around mantle)
 i - a ring of protection from fire (on tentacle)
 k - a ring of magical power (right tentacle)
 x - a ring of resist corrosion (on tentacle)
 F - a ring of resist corrosion (on tentacle)
Wands
 m - a wand of mindburst (14)
 A - a wand of polymorph (4)
 H - a wand of charming (19)
Scrolls
 g - 8 scrolls of teleportation
 n - 4 scrolls of identify
 u - 3 scrolls of amnesia
 z - 2 scrolls of fog
 C - a scroll of butterflies
 D - 2 scrolls of vulnerability {unknown}
 E - a scroll of silence {unknown}
Potions
 c - 7 potions of heal wounds
 e - 7 potions of curing
 j - a potion of ambrosia {unknown}
 l - 2 potions of brilliance
 o - 4 potions of flight
 p - 4 potions of magic
 q - a potion of lignification {unknown}
 r - 5 potions of might
 v - a potion of mutation {unknown}
 B - 3 potions of attraction
 G - 2 potions of resistance


   Skills:
 + Level 8.4 Dodging
 + Level 9.4 Stealth
 + Level 6.9 Spellcasting
 - Level 7.0 Conjurations
 + Level 5.1 Hexes
 - Level 2.1 Translocations
 * Level 3.6 Ice Magic
 * Level 3.5 Air Magic
 - Level 3.5 Invocations


You had one spell level left.
You knew the following spells:

 Your Spells              Type           Power      Damage    Failure   Level
a - Magic Dart            Conj           100%       1d8       1%          1
b - Searing Ray           Conj           72%        2d7       1%          2
c - Fulminant Prism       Conj/Hex       16%        3d10      8%          4
d - Blink                 Tloc           32%        N/A       6%          2
e - Freezing Cloud        Conj/Ice/Air   13%        6-21      34%         5
f - Borgnjor's Vile Clut  Necr/Erth      3%         N/A       94%         5
g - Tukima's Dance        Hex            28%        N/A       3%          3

Your spell library contained the following spells:

 Spells                   Type           Power      Damage    Failure   Level
 Kiss of Death            Conj/Necr      84%        2d11      2%          1
 Apportation              Tloc           32%        N/A       3%          1
 Ensorcelled Hibernation  Hex/Ice        50%        N/A       2%          2
 Dazzling Flash           Conj/Hex       64%        N/A       2%          3
 Confusing Touch          Hex            28%        N/A       3%          3
 Portal Projectile        Hex/Tloc       44%        N/A       6%          3
 Swiftness                Air            22%        N/A       6%          3
 Cigotuvi's Dreadful Rot  Necr/Pois/Air  24%        N/A       9%          2
 Vhi's Electric Charge    Tloc/Air       38%        N/A       9%          3
 Passwall                 Tmut/Erth      5%         N/A       14%         2
 Wereblood                Tmut           7%         N/A       14%         2
 Iskenderun's Mystic Bla  Conj/Tloc      26%        2d7       14%         4
 Arcjolt                  Conj/Air       14%        1d24      28%         5
 Dispel Undead            Necr           7%         3d8       65%         4
 Alistair's Intoxication  Tmut/Pois      4%         N/A       94%         5
 Blade Hands              Tmut           3%         N/A       94%         5
 Death Channel            Necr           3%         N/A       100%        6
 Eringya's Noxious Bog    Tmut/Pois      3%         N/A       100%        6
 Simulacrum               Ice/Necr       7%         N/A       100%        6
 Maxwell's Capacitive Co  Air            11%        ∞         100%        8
 Polar Vortex             Ice            11%        N/A       100%        9


Dungeon Overview and Level Annotations

Branches:
Dungeon (11/15)            Temple (1/1) D:5            Lair (1/5) D:8
    Orc: D:9-12

Altars:
Ashenzari
Cheibriados
Dithmenos
Elyvilon
Fedhas
Gozag
Hepliaklqana
Kikubaaqudgha
Makhleb
Nemelex Xobeh
Okawaru
Qazlal
Ru
Sif Muna
Trog
Uskayaw
Vehumet
Wu Jian
Xom
Yredelemnul
Zin
The Shining One

Shops:
D:2 *   D:3 (

Annotations:
D:2 1 runed translucent door, Crazy Yiuf
D:9 3 runed translucent doors, Dordric's ghost, novice OgBe
D:11 Grum


Innate Abilities, Weirdness & Mutations

You cannot wear most types of armour.
You are amphibious.
You can wear up to eight rings at the same time.
Your skin changes colour to match your surroundings (Stealth+).
Your rubbery body absorbs attacks. (AC +1, EV +1)
((You are camouflaged when in or above water. (Stealth+)))
You have tentacles for arms and can constrict up to eight enemies at once.


Message History

The searing ray hits Grum!
Grum is moderately wounded.
The wolf misses you. The wolf closely misses you.
The searing ray hits the wolf.
The wolf is almost dead.
The searing ray hits Grum.
Grum is heavily wounded.
The searing ray hits the centaur!
The centaur is severely wounded.
You finish channelling your searing ray.
The wolf bites you.
Casting: Searing Ray (safe; 1% risk of failure)
Confirm with . or Enter, or press ? or * to list all spells.
Aiming: Searing Ray (safe; 1% risk of failure)
Press: ? - help, Shift-Dir - straight line, f/p - wolf
Aim: a wolf (almost dead, 68% to hit)
The searing ray hits the wolf but does no damage.
The wolf is almost dead.
The searing ray hits Grum.
Grum is heavily wounded.
The searing ray hits the centaur.
The centaur is almost dead. (Press . to maintain the ray.)
The wolf bites you. x2
Grum hits you from afar with a -2 halberd!!
* * * LOW HITPOINT WARNING * * *
The searing ray hits the wolf!
You kill the wolf!
Sif Muna accepts your kill.
The searing ray hits Grum!
Grum is severely wounded.
The searing ray hits the centaur!
You kill the centaur!
Sif Muna accepts your kill. Grum misses you.
You have reached level 11!
The searing ray hits Grum.
Grum is severely wounded.
Grum hits you from afar with a -2 halberd!!
You die...

#.# # #c# . #g# # #.# #
#†# #### #.# ###... #.#
#.....
#.#################.#.#.
#...)g†@..............#.
###################.###.
#..... ######


You could see Grum.

Vanquished Creatures
  4 trolls
  A wyvern (D:9)
  7 yaks
  A shadow (D:10)
  A vampire (D:10)
  2 steam dragons
  Menkaure (D:6)
  An acid dragon (D:10)
  3 water moccasins
  2 ice beasts
  An orc warrior (D:9)
  A black bear (D:4)
  8 centaurs
  2 wolves (D:11)
  2 phantoms
  4 bullfrogs
  A necrophage (D:7)
  2 scorpions
  9 wights
  2 howler monkeys
  4 hounds
  9 orc priests
  A gnoll bouda (D:9)
  2 jellies
  5 iguanas
  5 orc wizards
  A mummy (D:5)
  10 gnolls
  7 adders
  A shadow imp (D:5)
  A white imp (D:5)
  3 ufetubi
  A worm (D:4)
  4 dart slugs (D:1)
  28 orcs
  3 bats
  4 endoplasms
  4 giant cockroaches
  7 goblins
  8 hobgoblins
  2 jackals (D:4)
  6 quokkas
  8 ball pythons
  3 frilled lizards
  A hobgoblin zombie (D:5)
  9 kobolds
  A kobold zombie (D:5)
  2 orc zombies (D:5)
  4 rats
199 creatures vanquished.

Vanquished Creatures (others)
  8 fulminant prisms
  3 plants (Lair:1)
11 creatures vanquished.

Grand Total: 210 creatures vanquished

Notes
Turn   | Place    | Note
-------+----------+-------------------------------------------
     0 | D:1      | kingofthe the Octopode Conjurer began the quest for the
                  | Orb.
     0 | D:1      | Reached XP level 1. HP: 11/11 MP: 3/3
   210 | D:1      | Reached XP level 2. HP: 17/17 MP: 1/5
   483 | D:1      | Found a faded altar of an unknown god.
   645 | D:1      | Learned a level 2 spell: Searing Ray
   777 | D:1      | Reached XP level 3. HP: 16/21 MP: 0/7
  1303 | D:2      | Found Weseynoi's Assorted Antiques.
  1639 | D:2      | Reached skill level 3 in Stealth
  1639 | D:2      | Reached XP level 4. HP: 24/27 MP: 9/9
  1813 | D:2      | Found a runed translucent door.
  1814 | D:2      | Noticed Crazy Yiuf
  2322 | D:3      | Reached XP level 5. HP: 31/31 MP: 8/10
  2501 | D:3      | Found Vemal's Weapon Boutique.
  2652 | D:2      | Bought a runed iron ring for 135 gold pieces
  2941 | D:3      | Reached skill level 4 in Stealth
  2955 | D:3      | Learned a level 4 spell: Fulminant Prism
  3365 | D:4      | Noticed a black bear
  3460 | D:4      | Killed a black bear
  3461 | D:4      | Reached XP level 6. HP: 27/36 MP: 12/12
  3802 | D:4      | Reached skill level 5 in Stealth
  3980 | D:4      | Identified the +6 sling of the Establishment {heavy, rElec
                  | Str+3 Dex+3 Stlth-}
  4104 | D:4      | Reached skill level 5 in Conjurations
  4216 | D:4      | Reached XP level 7. HP: 41/41 MP: 13/13
  4575 | D:4      | Found a glowing golden altar of the Shining One.
  4575 | D:4      | Found a white marble altar of Elyvilon.
  4575 | D:4      | Found a glowing silver altar of Zin.
  4631 | D:5      | Entered Level 5 of the Dungeon
  4710 | D:5      | Found a staircase to the Ecumenical Temple.
  4716 | Temple   | Entered the Ecumenical Temple
  4726 | Temple   | Became a worshipper of Sif Muna the Loreminder
  4915 | D:5      | Found a sacrificial altar of Ru.
  5300 | D:5      | Reached skill level 1 in Hexes
  5674 | D:5      | Reached XP level 8. HP: 46/46 MP: 15/15
  5689 | D:5      | Reached skill level 6 in Stealth
  6048 | D:5      | Reached skill level 5 in Dodging
  6048 | D:5      | Reached skill level 5 in Spellcasting
  6467 | D:6      | Reached * piety under Sif Muna
  6541 | D:6      | Noticed Menkaure
  6546 | D:6      | Killed Menkaure
  7268 | D:6      | Reached skill level 7 in Stealth
  7509 | D:6      | Found an iron altar of Okawaru.
  7678 | D:6      | Reached XP level 9. HP: 51/51 MP: 17/17
  7863 | D:7      | Found a sparkling altar of Nemelex Xobeh.
  7981 | D:6      | Reached skill level 1 in Invocations
  8555 | D:7      | Found a hazy altar of Hepliaklqana.
  9046 | D:7      | Found a hazy altar of Hepliaklqana.
  9161 | D:7      | Found a sparkling altar of Nemelex Xobeh.
  9604 | D:8      | Got The Fundamentals of Casting
  9655 | D:8      | Found a staircase to the Lair.
  9905 | D:8      | Learned a level 2 spell: Blink
  9947 | D:8      | Reached ** piety under Sif Muna
  9948 | D:8      | Reached skill level 8 in Stealth
 10304 | D:8      | Reached skill level 1 in Translocations
 10511 | D:8      | Found a snail-covered altar of Cheibriados.
 10861 | D:9      | Noticed a troll
 10900 | Lair:1   | Entered Level 1 of the Lair of Beasts
 11011 | Lair:1   | Reached XP level 10. HP: 53/56 MP: 18/19
 11199 | Lair:1   | Noticed a black mamba
 11256 | D:9      | Learned a level 5 spell: Freezing Cloud
 11571 | D:9      | Learned a level 5 spell: Borgnjor's Vile Clutch
 11621 | D:9      | Found a runed translucent gate.
 11621 | D:9      | Found a runed translucent gate.
 11621 | D:9      | Found a runed translucent gate.
 11723 | D:9      | Reached skill level 1 in Ice Magic
 11723 | D:9      | Reached skill level 1 in Air Magic
 12061 | D:9      | Reached skill level 9 in Stealth
 12061 | D:9      | Reached skill level 5 in Hexes
 12323 | D:9      | Found an ancient bone altar of Kikubaaqudgha.
 12557 | D:9      | Noticed Dordric's ghost (novice OgBe)
 12979 | D:10     | Entered Level 10 of the Dungeon
 13635 | D:10     | Found an ornate altar of the Wu Jian Council.
 13963 | D:10     | Found a burning altar of Makhleb.
 13980 | D:10     | Learned a level 3 spell: Tukima's Dance
 14505 | D:11     | Noticed Grum
 14524 | D:11     | Reached XP level 11. HP: 11/61 MP: 21/21
 14524 | D:11     | Demolished by Grum

Illustrated notes

Levels and vault maps discovered:
D:1:      dpeg_arrival_renting, layout_basic, shapermc_ecumenical_altar_venn
D:2:      wander_river, layout_basic, serial_shops, shop_statue,
          uniq_crazy_yiuf_cottage
D:3:      layout_basic, serial_shops, nicolae_shop_bloodbath_and_beyond
D:4:      layout_loops_corners, good_gods_mini_temple
D:5:      layout_basic, lemuel_round_altar, minmay_temple_entry_hall,
          chequers_serial_rivers_micro_a, minmay_mini_ossuary
D:6:      layout_loops_corners, kennysheep_okawaru_gauntlet,
          minmay_misc_feat_nine_boxes, uniq_menkaure
D:7:      layout_cave_pools, mainiacjoe_overflow_tiny_flanked,
          mainiacjoe_overflow_cross_hatched
D:8:      layout_basic, kennysheep_mini, dpeg_oklobed_lair
D:9:      layout_basic, lemuel_crystal_altar, gammafunk_ghost_icy
D:10:     layout_roguey, mainiacjoe_overflow_24_doors,
          mainiacjoe_overflow_catwalk
D:11:     layout_loops_ring, uniq_grum, uniq_fannar
Temple:   nicolae_temple_bog_church
Lair:1:   layout_roguey

Skill      XL: |  1  2  3  4  5  6  7  8  9 10 |
---------------+-------------------------------+-----
Spellcasting   | 3 4 5 6 |  6.9
Stealth        | 3 4 5 7 8 9 |  9.4
Dodging        | 3 4 6 7 8 |  8.4
Conjurations   | 5 6 7 |  7.0
Hexes          | 1 3 4 5 |  5.1
Invocations    | 3 |  3.5
Translocations | 1 2 |  2.1
Ice Magic      | 3 |  3.6
Air Magic      | 3 |  3.5

Action                     |  1- 3 |  4- 6 |  7- 9 | 10-12 || total
---------------------------+-------+-------+-------+-------++-------
  Melee: Unarmed           |     3 |       |       |       ||     3
         Constrict         |     2 |       |       |       ||     2
         Tentacles         |     1 |       |       |       ||     1
         Short sword       |     4 |       |       |       ||     4
   Fire: Sling             |       |       |    35 |       ||    35
   Cast: Magic Dart        |    71 |    55 |    92 |    34 ||   252
         Searing Ray       |       |    21 |    74 |    45 ||   140
         Fulminant Prism   |       |       |       |     8 ||     8
         Blink             |       |       |       |     1 ||     1
    Use: Scroll            |       |       |    15 |     3 ||    18
 Armour: Skin              |       |     1 |     3 |     2 ||     6
  Dodge: Dodged            |     6 |    29 |   153 |   131 ||   319

Table legend: (Time is in decaauts)
 A = Elapsed time spent in this place.
 B = Non-inter-level travel time spent in this place.
 C = Inter-level travel time spent in this place.
 D = Time resting spent in this place.
 E = Time spent auto-exploring this place.
 F = Levels seen in this place.
 G = Mean time per level.
                   A        B        C        D        E       F      G
               +--------+--------+--------+--------+--------+-----+--------+
         Total |  14561 |  13439 |   1122 |   2735 |   8884 |  13 | 1120.1 |
       Dungeon |  14179 |  13077 |   1102 |   2653 |   8722 |  11 | 1289.0 |
        Temple |    145 |    125 |     20 |      0 |    111 |   1 |  145.0 |
          Lair |    236 |    236 |      0 |     82 |     51 |   1 |  236.0 |
               +--------+--------+--------+--------+--------+-----+--------+

Top non-repeatable levels by time:
     D:9: 1945 daAuts
     D:7: 1788 daAuts
     D:6: 1620 daAuts
     D:5: 1545 daAuts
     D:8: 1335 daAuts
     D:3: 1221 daAuts
     D:4: 1217 daAuts
     D:1: 1169 daAuts
    D:10: 1140 daAuts
     D:2: 1020 daAuts
  Lair:1: 236 daAuts
    D:11: 177 daAuts
  Temple: 145 daAuts
